 Dungeon Crawl Stone Soup version 0.28-a0-1152-g9c71ebef14 (webtiles) character file.

Game seed: 18398748222133303484

862815 ragingrage the Conqueror (level 27, -22/199 HPs)
             Began as a Gargoyle Artificer on Dec 12, 2021.
             Was the Champion of the Shining One.
             Killed from afar by Lom Lobon (50 damage)
             ... with a great icy blast
             ... in Pandemonium on Dec 14, 2021.
             The game lasted 02:37:16 (101558 turns).

ragingrage the Conqueror (Gargoyle Artificer)     Turns: 101558, Time: 02:37:17

Health: -22/199    AC: 66    Str: 28    XL:     27
Magic:  0/37       EV: 14    Int: 16    God:    the Shining One [******]
Gold:   8834       SH:  4    Dex: 17    Spells: 26/26 levels left

rFire   + + +      SeeInvis +   b - +9 executioner's axe (elec)
rCold   + . .      Faith    .   (shield currently unavailable)
rNeg    + + +      Spirit   +   v - +9 scales of the Dragon King {rPois rF+ rC+ Will+}
rPois   ∞          Reflect  .   S - +2 helmet {SInv}
rElec   +          Harm     .   L - +1 cloak {rCorr}
rCorr   +          Rampage  .   D - +0 pair of gloves {Dex+3}
Will    ++++.      Rage     1%  i - +1 pair of boots "Popne" {Will+ Int+6}
Stlth   ..........              g - amulet "Fatij" {Spirit rC+}
HPRegen 0.00/turn               J - ring of protection from fire
MPRegen 0.25/turn               U - ring of Arrival {Fire Drain rElec Str+4}

@: mighty, about to teleport, frozen, flying, inhibited regen, hasted
(expiring), glowing, studying 2 skills, quick
A: sickness immunity, AC +20, big wings, negative energy resistance 1,
electricity resistance, torment resistance 1, petrification resistance, talons
1, large bone plates 1, berserk 1, dopey 2, sense surroundings 1, inhibited
regeneration
}: 8/15 runes: decaying, serpentine, slimy, silver, abyssal, demonic, glowing,
fiery
a: Renounce Religion, Divine Shield, Cleansing Flame, Summon Divine Warrior,
Brand Weapon With Holy Wrath


You were in Pandemonium.
You worshipped the Shining One.
The Shining One was exalted by your worship.
You visited 13 branches of the dungeon, and saw 58 of its levels.
You visited Pandemonium 2 times, and saw 23 of its levels.
You visited the Abyss 6 times.
You also visited: Trove, Ossuary and Ice Cave.

You collected 13000 gold pieces.
You spent 4166 gold pieces at shops.

Inventory:

Hand Weapons
 b - a +9 executioner's axe of electrocution (weapon)
 O - a +1 antimagic broad axe
 Z - a +0 broad axe of flaming
Missiles
 n - 16 datura-tipped darts (quivered)
 u - 8 throwing nets
 X - 11 curare-tipped darts
Armour
 i - the +1 pair of boots "Popne" (worn) {Will+ Int+6}
   (You found it on level 1 of the Depths)

   Int:       It affects your intelligence (+6).
   Will:      It increases your willpower.
 v - the +9 scales of the Dragon King (worn) {rPois rF+ rC+ Will+}
   (You found it on level 5 of the Vaults)

   rF:        It protects you from fire.
   rC:        It protects you from cold.
   rPois:     It protects you from poison.
   Will:      It increases your willpower.
 D - a +0 pair of gloves of dexterity (worn)
 L - a +1 cloak of preservation (worn)
 S - a +2 helmet of see invisible (worn)
Jewellery
 e - a ring of protection from cold
 g - the amulet "Fatij" (around neck) {Spirit rC+}
   (You found it on level 5 of the Pits of Slime)

   [amulet of guardian spirit]

   It causes incoming damage to be divided between your reserves of health and
   magic.
   rC:        It protects you from cold.
 w - the ring "Yzxybbyr" {rN+ Str+3 Int+3 Slay+6}
   (You took it off a deep elf annihilator on level 3 of the Elven Halls)

   [ring of positive energy]

   Str:       It affects your strength (+3).
   Int:       It affects your intelligence (+3).
   Slay:      It affects your accuracy & damage with ranged weapons and melee
   (+6).
   rN:        It protects you from negative energy.
 J - a ring of protection from fire (left hand)
 U - the ring of Arrival (right hand) {Fire Drain rElec Str+4}
   (You took it off a balrug in Pandemonium)

   [ring of fire]

   It enhances your fire magic.
   Str:       It affects your strength (+4).
   rF:        It protects you from fire.
   rC:        It makes you vulnerable to cold.
   rElec:     It insulates you from electricity.
   Drain:     It drains your maximum health when unequipped.
Wands
 h - a wand of paralysis (34)
 m - a wand of iceblast (37)
 o - a wand of mindburst (35)
 q - a wand of acid (35)
 x - a wand of digging (39)
 y - a wand of flame (132)
Scrolls
 a - a scroll of summoning
 j - 23 scrolls of teleportation
 l - 7 scrolls of fog
 p - 4 scrolls of holy word
 r - 62 scrolls of identify
 t - 11 scrolls of amnesia
 z - 10 scrolls of enchant armour
 E - 4 scrolls of silence
 F - 5 scrolls of brand weapon
 I - 12 scrolls of fear
 V - 12 scrolls of blinking
Potions
 d - 4 potions of haste
 f - 6 potions of magic
 k - 29 potions of curing
 s - 23 potions of heal wounds
 A - 6 potions of cancellation
 B - 12 potions of invisibility
 G - 6 potions of berserk rage
 M - 5 potions of attraction
 N - 12 potions of lignification
 Q - 8 potions of mutation
 R - 6 potions of ambrosia
 T - 12 potions of might
 W - 6 potions of resistance
Miscellaneous
 c - a box of beasts
 C - a phial of floods
 K - a phantom mirror
 P - a tin of tremorstones (2/2)
 Y - a lightning rod (4/4)


   Skills:
 O Level 27 Fighting
 - Level 26.0 Axes
 - Level 16.0 Throwing
 + Level 22.6 Armour
 - Level 15.0 Dodging
 - Level 1.1 Stealth
 + Level 21.7 Invocations
 + Level 21.9 Evocations


You had 26 spell levels left.
You didn't know any spells.
Your spell library contained the following spells:

 Spells                   Type           Power      Damage    Failure   Level
 Animate Skeleton         Necr           0%         N/A       92%         1
 Apportation              Tloc           0%         N/A       92%         1
 Beastly Appendage        Tmut           0%         N/A       92%         1
 Foxfire                  Conj/Fire      0%         2x1d4     92%         1
 Magic Dart               Conj           0%         1d3       92%         1
 Pain                     Necr           0%         1d4       92%         1
 Sandblast                Erth           0%         2d4       92%         1
 Shock                    Conj/Air       0%         1d3       92%         1
 Slow                     Hex            0%         N/A       92%         1
 Sting                    Tmut/Pois      0%         1d3       92%         1
 Blink                    Tloc           0%         N/A       98%         2
 Corpse Rot               Necr/Air       0%         N/A       98%         2
 Ensorcelled Hibernation  Hex/Ice        0%         N/A       98%         2
 Passwall                 Tmut/Erth      0%         N/A       98%         2
 Poisonous Vapours        Pois/Air       0%         N/A       98%         2
 Searing Ray              Conj           0%         2d4       98%         2
 Static Discharge         Conj/Air       0%         N/A       98%         2
 Wereblood                Tmut           0%         N/A       98%         2
 Confusing Touch          Hex            0%         N/A       100%        3
 Conjure Flame            Conj/Fire      0%         6-21      100%        3
 Dazzling Flash           Conj/Hex       0%         N/A       100%        3
 Gell's Gravitas          Tloc           0%         N/A       100%        3
 Ignite Poison            Fire/Tmut/Pois 0%         N/A       100%        3
 Inner Flame              Hex/Fire       0%         N/A       100%        3
 Lesser Beckoning         Tloc           0%         N/A       100%        3
 Mephitic Cloud           Conj/Pois/Air  0%         N/A       100%        3
 Ozocubu's Armour         Ice            0%         N/A       100%        3
 Portal Projectile        Hex/Tloc       0%         N/A       100%        3
 Spider Form              Tmut/Pois      0%         N/A       100%        3
 Stone Arrow              Conj/Erth      0%         3d7       100%        3
 Swiftness                Air            0%         N/A       100%        3
 Teleport Other           Tloc           0%         N/A       100%        3
 Tukima's Dance           Hex            0%         N/A       100%        3
 Vampiric Draining        Necr           0%         2d6       100%        3
 Airstrike                Air            0%         N/A       100%        4
 Animate Armour           Summ/Erth      0%         N/A       100%        4
 Animate Dead             Necr           0%         N/A       100%        4
 Cause Fear               Hex            0%         N/A       100%        4
 Dispel Undead            Necr           0%         3d6       100%        4
 Flame Wave               Conj/Fire      0%         2d4       100%        4
 Fulminant Prism          Conj/Hex       0%         3d6       100%        4
 Hailstorm                Conj/Ice       0%         3d3       100%        4
 Ice Form                 Ice/Tmut       0%         N/A       100%        4
 Iskenderun's Mystic Bla  Conj/Tloc      0%         2d3       100%        4
 Leda's Liquefaction      Hex/Erth       0%         N/A       100%        4
 Olgreb's Toxic Radiance  Pois           0%         N/A       100%        4
 Passage of Golubria      Tloc           0%         N/A       100%        4
 Petrify                  Tmut/Erth      0%         N/A       100%        4
 Sticky Flame             Conj/Fire      0%         2d3       100%        4
 Summon Lightning Spire   Summ/Air       0%         N/A       100%        4
 Agony                    Necr           0%         N/A       100%        5
 Alistair's Intoxication  Tmut/Pois      0%         N/A       100%        5
 Blade Hands              Tmut           0%         N/A       100%        5
 Excruciating Wounds      Necr           0%         N/A       100%        5
 Fireball                 Conj/Fire      0%         3d3       100%        5
 Freezing Cloud           Conj/Ice/Air   0%         6-21      100%        5
 Irradiate                Conj/Tmut      0%         3d13      100%        5
 Iskenderun's Battlesphe  Conj           0%         2d6       100%        5
 Lee's Rapid Deconstruct  Erth           0%         3d5*      100%        5
 Lightning Bolt           Conj/Air       0%         1d11      100%        5
 Manifold Assault         Tloc           0%         N/A       100%        5
 Metabolic Englaciation   Hex/Ice        0%         N/A       100%        5
 Silence                  Hex/Air        0%         N/A       100%        5
 Yara's Violent Unravell  Hex/Tmut       0%         3d3       100%        5
 Conjure Ball Lightning   Conj/Air       0%         3x3d6     100%        6
 Death Channel            Necr           0%         N/A       100%        6
 Dispersal                Tloc           0%         N/A       100%        6
 Iron Shot                Conj/Erth      0%         9d1       100%        6
 Simulacrum               Ice/Necr       0%         N/A       100%        6
 Starburst                Conj/Fire      0%         6d3       100%        6
 Dragon Form              Tmut           0%         N/A       100%        7
 Haunt                    Necr/Summ      0%         N/A       100%        7
 Malign Gateway           Summ/Tloc      0%         N/A       100%        7
 Orb of Destruction       Conj           0%         N/A       100%        7
 Spellforged Servitor     Conj/Summ      0%         N/A       100%        7
 Storm Form               Tmut/Air       0%         N/A       100%        7
 Borgnjor's Revivificati  Necr           0%         N/A       100%        8
 Discord                  Hex            0%         N/A       100%        8
 Disjunction              Tloc           0%         N/A       100%        8
 Ignition                 Fire           0%         3d3       100%        8
 Infestation              Necr           0%         N/A       100%        8
 Lehudib's Crystal Spear  Conj/Erth      0%         10d2      100%        8
 Maxwell's Capacitive Co  Air            0%         ∞         100%        8
 Summon Horrible Things   Summ           0%         N/A       100%        8
 Chain Lightning          Conj/Air       0%         N/A       100%        9
 Dragon's Call            Summ           0%         N/A       100%        9
 Fire Storm               Conj/Fire      0%         5d1       100%        9
 Polar Vortex             Ice            0%         N/A       100%        9
 Shatter                  Erth           0%         3d5*      100%        9
 Sublimation of Blood     Necr           Unusable   N/A       N/A         2
 Statue Form              Tmut/Erth      Unusable   N/A       N/A         6

Dungeon Overview and Level Annotations

Branches:
Dungeon (15/15)            Temple (1/1) D:6            Lair (6/6) D:10
  Swamp (4/4) Lair:4        Snake (4/4) Lair:4        Slime (5/5) Lair:6
    Orc (2/2) D:10            Elf (3/3) Orc:2        Vaults (5/5) D:13
  Crypt (3/3) Vaults:3       Tomb (1/3) Crypt:3      Depths (4/4) D:15
    Zot (5/5) Depths:4    Ossuary (visited)           IceCv (visited)

Altars:
Ashenzari
Cheibriados
Elyvilon
Gozag
Hepliaklqana
Kikubaaqudgha
Makhleb
Nemelex Xobeh
Okawaru
Qazlal
Trog
Uskayaw
Vehumet
Wu Jian
Xom
Yredelemnul
Zin
The Shining One
Beogh
Jiyva

Shops:
Orc:2 ?![=   Elf:2 (   Snake:1 [**(   Depths:1 =:=!   Depths:4 [[

Portals:
Hell: Depths:1 Depths:2 Depths:3 Depths:4
Abyss: Depths:2 Depths:3
Pandemonium: Depths:2 Depths:3
Ziggurat: Depths:3
Bazaar: D:13

Annotations:
D:3 exclusion: downstairs
Swamp:1 exclusion: downstairs
Swamp:2 1 runed translucent door, Tiquasegg's ghost, adept MiBe
Snake:4 1 runed translucent door
Elf:2 3 runed translucent doors
Vaults:2 3 runed translucent doors, Ytazirph's ghost, veteran DrTm
Zot:1 2 transporters, exclusion: orange crystal statue, Vuynal's ghost, legendary GrHu
Pan Lom Lobon


Innate Abilities, Weirdness & Mutations

You are immune to sickness and miasma.
Your stone body is resilient. (AC +20)
You are immune to poison.
Your large and strong wings let you fly.
You resist negative energy. (rN+)
You are resistant to electric shocks. (rElec)
You are resistant to unholy torment.
You are immune to petrification.
You have sharp toenails.
You are partially covered in large bone plates. (SH +4)
You tend to lose your temper in combat.
You are very dopey. (Int -4)
You passively map a small area around you.
You do not regenerate when monsters are visible.


Message History

Unknown command.
Unknown command.
Unknown command.
Unknown command.
You slice Lom Lobon!!
Lom Lobon is heavily wounded.
You are engulfed in freezing vapours.
You resist.
* * * LOW HITPOINT WARNING * * *
Lom Lobon gestures.
Lom Lobon is healed.
You barely miss Lom Lobon.
Lom Lobon is moderately wounded.
You are engulfed in whirling frost.
As you read the scroll of teleportation, it crumbles to dust.
You feel strangely unstable.
You are engulfed in whirling frost.
* * * LOW HITPOINT WARNING * * *
Your angel is engulfed in freezing vapours.
Your angel gestures.
Your angel is healed somewhat.
Lom Lobon gestures at you.
Lom Lobon conjures a mighty blast of ice!
The great icy blast engulfs you!!! You partially resist.
* * * LOW HITPOINT WARNING * * *
You are encased in ice.
Unknown command.
Unknown command.
Unknown command.
Unknown command.
Unknown command.
You feel much better.
You are engulfed in freezing vapours.
You resist.
* * * LOW HITPOINT WARNING * * *
Your angel is engulfed in freezing vapours.
Your angel completely misses Lom Lobon.
Your angel misses Lom Lobon.
Unknown command.
You feel better.
You are engulfed in freezing vapours.
You resist.
Your extra speed is starting to run out.
Lom Lobon gestures at you.
Lom Lobon conjures a mighty blast of ice!
The great icy blast engulfs you!!! You partially resist.
You die...

.#≈≈≈#≈≈....≈≈≈≈≈≈.≈.⌠.≈≈≈≈≈≈≈≈ ,
.#≈≈##≈≈.....≈≈≈≈≈.(.....≈≈≈≈≈.≈
.#≈≈#≈≈≈....≈≈≈≈≈≈≈≈≈..≈≈≈≈≈≈≈
.#≈≈#≈.....≈≈≈≈≈≈≈≈≈≈.≈≈≈≈≈≈≈
.#≈≈#≈≈...≈≈≈≈≈≈≈≈≈≈≈≈≈≈≈≈≈≈≈
.#≈≈#≈.≈..)≈≈≈≈≈≈≈#######≈ ≈ ≈
.#≈≈#≈≈....≈≈≈≈≈###°§...###≈ ≈
.#≈≈#≈≈....≈≈≈≈##§A§°○☼...## ≈
.#≈≈#≈≈≈..≈.≈≈##@&§§§§○°...##≈≈
.#≈≈##≈.≈...≈≈#☼§§°§§§°.....# .
.#≈≈≈#≈≈≈)...##§§§§§°§○)....## ≈.
.##≈≈#≈≈.....#§°§○○§§§☼......#≈..
(##≈≈##≈≈≈....§§§§☼§§§○°.........
.##≈≈≈#≈≈≈≈...........°........≈≈
.###≈≈##≈≈≈.≈...................≈
.# #≈≈≈##≈≈≈≈#..........(....#≈≈≈
.# ##≈≈≈##≈≈≈##.........(...##


You could see Lom Lobon (vortex, corroded, ally target) and a friendly angel
(summoned).

Vanquished Creatures
  Cerebov (Pan)
  the Royal Jelly (Slime:5)
  Mnoleg (Pan)
  4 ancient liches
  4 dread liches
  4 orbs of fire
  Mara (Depths:1)
  2 juggernauts
  Sojobo (Crypt:2)
  Boris (Crypt:2)
  6 pandemonium lords (Pan)
  Margery (Crypt:1)
  Frederick (Crypt:1)
  5 Killer Klowns
  Bai Suzhen (Depths:1)
  3 curse toes
  Xtahua (Crypt:1)
  Vashnia (Snake:2)
  8 golden dragons
  3 bone dragons
  2 profane servitors
  Nikola (Snake:2)
  the Enchantress (Depths:1)
  Jory (Vaults:2)
  5 electric golems
  2 Tzitzimimeh (Pan)
  A hellephant (Abyss:1)
  15 tentacled monstrosities
  7 Brimstone Fiends (Pan)
  11 Hell Sentinels (Pan)
  9 Ice Fiends (Pan)
  25 Orb Guardians (Zot:5)
  11 deep elf master archers
  A shard shrike skeleton (Crypt:2)
  18 titans
  9 quicksilver dragons
  11 deep elf blademasters
  7 liches
  20 acid blobs
  10 sphinxes
  8 Executioners (Pan)
  14 death cobs
  An eldritch tentacle (Pan)
  7 tentacled starspawn
  3 thorn hunters
  15 storm dragons
  9 tengu reavers
  11 shadow dragons
  9 ancient champions
  3 draconian monks
  Kirke (Lair:6)
  5 revenants
  7 nagarajas (Snake:4)
  5 draconian knights
  14 azure jellies
  8 rockslimes
  22 frost giants
  20 fire giants
  A ghost moth (shapeshifter) (Depths:1)
  5 demonspawn warmongers (Pan)
  3 ghost moths
  An iron dragon (Vaults:4)
  11 deep elf sorcerers
  13 cacodemons
  3 draconian scorchers
  3 orc warlords
  18 vault wardens
  Aizul (Depths:1)
  2 angels
  6 deep elf elementalists (Elf:3)
  4 curse skulls
  9 ghouls
  6 draconian shifters
  2 draconian stormcallers
  7 demonspawn corrupters (Pan)
  25 balrugs (Pan)
  4 draconian annihilators
  A juggernaut skeleton (Crypt:2)
  4 spriggan defenders
  26 ironbound preservers
  2 juggernaut zombies (Depths:2)
  9 quicksilver oozes
  A caustic shrike skeleton (Crypt:3)
  A war gargoyle (Vaults:5)
  7 reapers (Pan)
  6 demonspawn blood saints (Pan)
  9 green draconians
  26 very ugly things
  32 stone giants
  3 demonspawn black suns (Pan)
  5 vampire knights
  The ghost of KennySheep the Unseen, a journeyman DEWz of Jiyva (Lair:6)
  5 eleionomae
  12 lorocyprocas (Pan)
  11 black draconians
  11 purple draconians
  16 deep elf annihilators
  8 deep elf demonologists
  A bunyip (Swamp:2)
  10 yellow draconians
  17 dire elephants
  10 red draconians
  6 spark wasps
  3 entropy weavers
  13 white draconians
  6 eidola
  26 blizzard demons
  3 crystal guardians
  10 ettins
  14 green deaths
  2 mummy priests (Crypt:3)
  10 fire dragons
  8 deep elf death magi
  A merfolk javelineer (Vaults:2)
  14 jiangshi
  16 yaktaur captains
  4 spriggan zombies
  A shambling mangrove (Abyss:3)
  An ironbound thunderhulk (Vaults:2)
  12 deep elf high priests
  9 boulder beetles
  10 great orbs of eyes
  7 rakshasas
  Erolcha (Orc:2)
  2 peacekeepers (Vaults:4)
  42 vault guards
  25 hydras
  6 ice dragons
  2 juggernaut simulacra (Pan)
  8 ironbound frosthearts
  17 centaur warriors
  5 hell beasts
  A boulder beetle (shapeshifter) (Vaults:5)
  15 naga warriors
  Erica (D:8)
  12 anacondas
  A merfolk avatar (Lair:6)
  8 ogre magi
  7 spriggan air magi
  21 dancing weapons
  5 death knights
  A catoblepas (Vaults:4)
  A ghost crab (Swamp:2)
  8 deep troll shamans
  8 two-headed ogres
  9 tengu warriors
  10 vampire magi
  11 death yaks
  11 thrashing horrors
  16 hell hogs
  6 alligators
  12 deep troll earth magi
  7 spriggan berserkers
  6 holy swine (Pan)
  13 shock serpents
  63 sun demons
  A titan zombie (Crypt:2)
  A storm dragon zombie (Crypt:3)
  31 soul eaters (Pan)
  4 salamander mystics
  37 deep elf knights
  19 naga sharpshooters
  The ghost of Pooter the Quickloader, a novice MiHu of Okawaru (D:7)
  17 hell knights
  Nergalle (Orc:2)
  12 skeletal warriors
  2 wretched stars
  12 iron trolls
  A fire crab (shapeshifter) (Vaults:5)
  15 sixfirhies
  5 shadow wraiths
  93 deep trolls
  5 goliath frogs
  7 naga ritualists
  8 sea snakes
  8 flayed ghosts
  3 storm dragon skeletons
  10 swamp dragons
  An orange crystal statue (IceCv)
  16 ironbound convokers
  10 shadow demons (Pan)
  11 glowing orange brains
  4 spriggan druids
  8 lindwurms
  12 wizards
  11 phantasmal warriors
  30 deep elf archers
  8 bog bodies
  12 orc knights
  12 mana vipers
  30 deep elf pyromancers
  An obsidian statue (Zot:5)
  11 necromancers
  Pikel (D:5)
  27 deep elf zephyrmancers
  3 oklob plants (Lair:6)
  3 shining eyes
  A fire giant zombie (D:15)
  A wolf spider (D:15)
  A cyclops (shapeshifter) (Vaults:5)
  3 iron dragon zombies
  8 manticores
  9 orc sorcerers
  2 stone giant zombies
  51 ugly things
  20 salamanders
  7 cyclopes
  2 stone giant skeletons
  A sphinx skeleton (D:15)
  3 will-o-the-wisps
  12 moths of wrath
  9 guardian serpents
  2 dire elephant zombies
  4 worldbinders
  40 black mambas
  A titan simulacrum (Depths:3)
  3 rust devils
  4 elephants
  5 ice statues (Pan)
  2 water nymphs (Abyss:3)
  5 eyes of devastation
  An emperor scorpion zombie (Crypt:2)
  A torpor snail (Lair:2)
  59 smoke demons
  24 naga magi
  13 vault sentinels
  18 orange demons
  2 gargoyles (D:12)
  5 hellions
  15 cane toads
  A storm dragon simulacrum (Depths:2)
  An unseen horror (Abyss:1)
  8 freezing wraiths
  31 yaktaurs
  4 efreet
  18 rime drakes
  5 tormentors (Pan)
  35 hellwings
  2 kobold demonologists
  9 tengu conjurers
  13 komodo dragons
  A yaktaur skeleton (Vaults:3)
  A spark wasp simulacrum (Depths:3)
  An elf skeleton (Vaults:3)
  10 red devils
  4 demonic crawlers
  5 ice devils
  3 ancient zymes
  21 polar bears
  A death yak skeleton (Crypt:1)
  10 guardian mummies
  A meliai (shapeshifter) (Elf:1)
  10 tyrant leeches
  3 harpy zombies
  A jumping spider (Vaults:3)
  14 trolls
  A wind drake (Lair:6)
  20 hornets
  A merfolk (shapeshifter) (Depths:3)
  3 meliai (D:15)
  18 blink frogs
  Grinder (D:4)
  8 raiju
  A snapping turtle (Lair:6)
  A frost giant simulacrum (Depths:1)
  An ettin zombie (Crypt:2)
  A harpy skeleton (Tomb:1)
  90 slime creatures
  A dream sheep (shapeshifter) (Vaults:5)
  6 flying skulls
  28 ynoxinuls
  3 air elementals
  5 redbacks
  2 spriggan skeletons
  Sigmund (D:5)
  The ghost of ders the Digger, an amateur GrEE (D:4)
  58 yaks
  An ushabti (Tomb:1)
  3 vampires (Vaults:3)
  20 spriggans
  6 wyverns
  11 water elementals
  A centaur simulacrum (D:15)
  A fire elemental (Elf:3)
  A human (Lair:6)
  2 steam dragons (Lair:6)
  A yak (shapeshifter) (Elf:2)
  10 wraiths
  4 hogs
  6 basilisks
  An elf simulacrum (Vaults:3)
  5 fire bats
  A golden eye (Slime:5)
  17 chaos spawn
  16 neqoxecs (Pan)
  18 swamp worms
  17 vampire mosquitoes
  43 nagas
  2 naga zombies
  5 wargs
  13 water moccasins
  A floating eye (shapeshifter) (Vaults:4)
  10 swamp drakes
  3 hell hounds (Abyss:1)
  38 large abominations
  A hornet zombie (Crypt:2)
  23 orc warriors
  An ice beast (D:5)
  A black bear (shapeshifter) (Elf:1)
  A black bear (D:6)
  A blink frog zombie (Crypt:3)
  An ettin simulacrum (Crypt:1)
  18 centaurs
  11 necrophages
  11 wolves
  A snapping turtle skeleton (Crypt:3)
  10 ogres
  A blink frog skeleton (Crypt:3)
  A human skeleton (Vaults:3)
  A rime drake zombie (Crypt:3)
  A phantom (D:6)
  A torpor snail zombie (Crypt:1)
  4 lemures
  3 elf zombies (Ossuary)
  A kobold brigand (D:9)
  2 gnoll sergeants (D:7)
  A wyvern zombie (D:5)
  2 scorpions
  10 bullfrogs
  A cyclops zombie (Crypt:2)
  2 earth elementals
  A water moccasin skeleton (D:4)
  14 killer bees
  A human simulacrum (Vaults:2)
  A howler monkey (D:11)
  6 electric eels
  4 crimson imps (Pan)
  3 bullfrog zombies
  5 centaur zombies
  A basilisk zombie (Crypt:3)
  3 iron imps
  27 starcursed masses
  2 centaur skeletons
  17 orc priests
  A hound (D:6)
  A bullfrog skeleton (Crypt:1)
  4 human zombies
  An iguana (Temple)
  38 orc wizards
  A lightning spire (Zot:1)
  10 small abominations
  A sky beast zombie (Crypt:1)
  A deep dwarf zombie (Crypt:1)
  3 mummies
  8 gnolls
  An adder (D:2)
  A steam dragon skeleton (Crypt:1)
  4 white imps
  2 ufetubi
  A halfling zombie (Crypt:3)
  2 adder skeletons
  An adder zombie (Ossuary)
  A halfling skeleton (Crypt:3)
  A worm (D:2)
  7 dart slugs (D:3)
  76 orcs
  8 endoplasms
  A giant cockroach (D:4)
  9 goblins
  7 hobgoblins
  4 jackals
  8 kobolds
  6 quokkas
  6 ball pythons
  7 bats
  A dart slug zombie (Crypt:2)
  4 frilled lizards
  4 goblin zombies (Ossuary)
  8 hobgoblin zombies (Ossuary)
  A jackal zombie (Ossuary)
  5 kobold zombies (Ossuary)
  11 orc zombies (Ossuary)
  A quokka zombie (Crypt:3)
  5 rats
  A rat skeleton (Crypt:1)
  A rat zombie (Ossuary)
  6 ball lightnings (Pan)
  8 briar patches
  2 fire vortices (Pan)
  A fungus (Elf:3)
  6 starspawn tentacles
3316 creatures vanquished.

Vanquished Creatures (collateral kills)
  A pandemonium lord (Pan)
  A balrug (Pan)
  A cacodemon (Pan)
  A demonspawn corrupter (Pan)
  A demonspawn black sun (Pan)
  A lorocyproca (Pan)
  A blizzard demon (Pan)
  A green death (Pan)
  A hell beast (Pan)
  6 sun demons (Pan)
  2 sixfirhies (Pan)
  3 orange demons (Pan)
  A demonic crawler (Pan)
  A ynoxinul (Pan)
  2 chaos spawn (Pan)
  3 neqoxecs (Pan)
  A hobgoblin (D:1)
  A frilled lizard (D:1)
  A fire vortex (Pan)
30 creatures vanquished.

Vanquished Creatures (others)
  A fire giant (Depths:1)
  A balrug (Pan)
  A demonspawn blood saint (Pan)
  A stone giant (Crypt:2)
  A soul eater (Pan)
  A deep elf knight (Elf:2)
  A cherub (Pan)
  3 wizards (Pan)
  An ironbound convoker (Vaults:2)
  A glowing orange brain (Pan)
  2 deep elf zephyrmancers
  A deep elf pyromancer (Elf:1)
  A smoke demon (Pan)
  4 bloated husks
  A naga (Snake:2)
  An orc (Orc:2)
  24 ball lightnings (Pan)
  A fire vortex (Pan)
  12 foxfires
  41 fungi
  67 plants
  14 starspawn tentacles
  6 withered plants (D:15)
187 creatures vanquished.

Grand Total: 3533 creatures vanquished

Notes
Turn   | Place    | Note
-------+----------+-------------------------------------------
     0 | D:1      | ragingrage the Gargoyle Artificer began the quest for the
                  | Orb.
     0 | D:1      | Reached XP level 1. HP: 12/12 MP: 1/1
   356 | D:1      | Reached XP level 2. HP: 17/17 MP: 2/2
   640 | D:1      | Reached skill level 2 in Fighting
  1858 | D:2      | Reached XP level 3. HP: 18/21 MP: 1/3
  2034 | D:2      | Found a faded altar of an unknown god.
  2138 | D:2      | Identified a scroll of acquirement
  2138 | D:2      | Acquired a manual of Fighting
  2693 | D:2      | Reached skill level 3 in Fighting
  3003 | D:3      | Reached XP level 4. HP: 26/28 MP: 4/4
  3810 | D:4      | Found a runed translucent gate.
  3811 | D:4      | Found a runed translucent gate.
  3811 | D:4      | Found a runed translucent gate.
  3811 | D:4      | Noticed ders's ghost (amateur GrEE)
  4074 | D:4      | Noticed Grinder
  4078 | D:4      | Paralysed by Grinder for 5 turns
  4212 | D:4      | Killed Grinder
  4213 | D:4      | Reached skill level 6 in Fighting
  4213 | D:4      | Reached XP level 5. HP: 23/36 MP: 2/5
  4213 | D:4      | Reached XP level 6. HP: 26/41 MP: 2/6
  4459 | D:5      | Entered Level 5 of the Dungeon
  4459 | D:5      | Noticed a necrophage
  4715 | D:5      | Noticed an ice beast
  4737 | D:5      | Killed an ice beast
  4738 | D:5      | Reached skill level 7 in Fighting
  4738 | D:5      | Reached XP level 7. HP: 48/48 MP: 7/7
  4828 | D:5      | Noticed Pikel
  5153 | D:5      | Noticed Sigmund
  5174 | D:5      | Killed Sigmund
  5175 | D:5      | Reached skill level 8 in Fighting
  5391 | D:5      | Found a glowing silver altar of Zin.
  5814 | D:5      | Found an opulent altar of Gozag.
  6034 | D:5      | HP: 2/50 [wyvern zombie (6)]
  6043 | D:5      | Reached skill level 9 in Fighting
  6238 | D:5      | Killed Pikel
  6239 | D:5      | Reached skill level 10 in Fighting
  6239 | D:5      | Reached skill level 5 in Axes
  6239 | D:5      | Reached XP level 8. HP: 35/58 MP: 4/8
  6438 | D:6      | Found a staircase to the Ecumenical Temple.
  6443 | Temple   | Entered the Ecumenical Temple
  6568 | Temple   | Became a worshipper of Warmaster Okawaru
  6965 | D:6      | Reached skill level 11 in Fighting
  7194 | D:7      | Found a sand-covered staircase.
  7207 | D:7      | Reached XP level 9. HP: 51/65 MP: 7/9
  7212 | Ossuary  | Entered an ossuary
  7423 | Ossuary  | Reached * piety under Okawaru
  7517 | Ossuary  | Reached skill level 12 in Fighting
  8194 | D:6      | Reached ** piety under Okawaru
  8195 | D:6      | Reached skill level 13 in Fighting
  9130 | D:7      | Found a transporter.
  9133 | D:7      | Found a transporter.
  9133 | D:7      | Noticed Pooter's ghost (novice MiHu)
  9134 | D:7      | Identified the +1 great mace of Lopsiabb {vorpal, Dex+4}
  9134 | D:7      | Identified the +0 great mace of Myank {spect, Will+ MP+9
                  | Str+2}
  9134 | D:7      | Noticed a two-headed ogre
  9643 | D:8      | Found a shimmering altar of Xom.
  9645 | D:8      | Found a radiant altar of Vehumet.
  9648 | D:8      | Found a hide-covered altar of Uskayaw.
  9648 | D:8      | Found a stormy altar of Qazlal.
  9651 | D:8      | Found a glowing golden altar of the Shining One.
  9651 | D:8      | Found a hazy altar of Hepliaklqana.
  9933 | D:8      | Reached XP level 10. HP: 72/74 MP: 10/10
 10169 | D:8      | Noticed Erica
 10371 | D:8      | Killed Erica
 10371 | D:8      | Reached *** piety under Okawaru
 10846 | D:8      | Reached skill level 10 in Axes
 11711 | D:9      | Reached **** piety under Okawaru
 11843 | D:9      | Identified the +1 ring mail of Jeha {Str+4}
 12039 | D:9      | Found a broken altar of Ashenzari.
 12043 | D:9      | Saw a vision of the Swamp and the Snake Pit.
 12043 | D:9      | Noticed a naga warrior
 12043 | D:9      | Noticed a mana viper
 12043 | D:9      | Noticed a black mamba
 12043 | D:9      | Noticed a naga sharpshooter
 12043 | D:9      | Noticed a shock serpent
 12043 | D:9      | Noticed an anaconda
 12043 | D:9      | Noticed an anaconda
 12043 | D:9      | Noticed an anaconda
 12043 | D:9      | Noticed a naga warrior
 12300 | D:10     | Entered Level 10 of the Dungeon
 12325 | D:10     | Noticed a death yak
 12328 | D:10     | Noticed a death yak
 12329 | D:10     | Noticed a death yak
 12332 | D:10     | Noticed a death yak
 12333 | D:10     | Noticed a death yak
 12372 | D:9      | Killed a death yak
 12373 | D:9      | Reached XP level 11. HP: 17/79 MP: 3/11
 12664 | D:9      | Received a gift from Okawaru
 12858 | D:10     | Found a staircase to the Lair.
 12885 | D:10     | Noticed a death knight
 12987 | D:10     | Reached ***** piety under Okawaru
 13155 | D:11     | Noticed a boulder beetle
 13183 | D:11     | Noticed a manticore
 13191 | D:11     | Killed a manticore
 13674 | D:11     | Noticed a manticore
 13693 | D:11     | Killed a manticore
 13761 | D:11     | Noticed a cyclops
 14213 | D:11     | Killed a cyclops
 14213 | D:11     | Received a gift from Okawaru
 14578 | D:12     | Got the Disquisition on the Supportive Snowflakes
 14612 | D:12     | Noticed a cyclops
 14622 | D:12     | Killed a cyclops
 14651 | D:12     | Noticed a manticore
 14672 | D:12     | Killed a manticore
 14849 | D:12     | Noticed a boulder beetle
 14858 | D:12     | Killed a boulder beetle
 14964 | D:12     | Received a gift from Okawaru
 14965 | D:12     | Reached XP level 12. HP: 74/84 MP: 9/12
 15623 | D:10     | Reached skill level 15 in Axes
 15681 | D:9      | Killed a death yak
 15698 | D:9      | Killed a death yak
 15709 | D:9      | Killed a death yak
 15709 | D:9      | Reached ****** piety under Okawaru
 15723 | D:10     | Killed a death yak
 15875 | D:10     | Killed a death knight
 16018 | D:10     | Found a staircase to the Orcish Mines.
 16198 | Lair:1   | Entered Level 1 of the Lair of Beasts
 16420 | Lair:1   | Identified the +1 cloak "Leocot" {Rampage +Blink Str-3
                  | Dex+4} (Okawaru gifted it to you on level 1 of the Lair of
                  | Beasts)
 16420 | Lair:1   | Received a gift from Okawaru
 17046 | Lair:2   | Noticed a four-headed hydra
 17652 | Lair:2   | Killed a one-headed hydra
 17838 | Lair:2   | Reached XP level 13. HP: 89/89 MP: 13/13
 18454 | Lair:3   | Received a gift from Okawaru
 18826 | Lair:3   | You fall into a shaft and drop 3 floors!
 18826 | Lair:6   | Entered Level 6 of the Lair of Beasts
 19676 | Lair:4   | Found a staircase to the Snake Pit.
 19759 | Lair:4   | Received a gift from Okawaru
 19966 | Lair:4   | Gained mutation: Your large and strong wings let you fly.
                  | [Gargoyle growth]
 19966 | Lair:4   | Reached XP level 14. HP: 94/95 MP: 14/14
 20132 | Lair:4   | Found a staircase to the Swamp.
 20150 | Lair:4   | Received a gift from Okawaru
 20151 | Lair:4   | Reached skill level 1 in Invocations
 20288 | Lair:4   | Found a transporter.
 20289 | Lair:4   | Found a transporter.
 21411 | Lair:6   | Found a runed translucent gate.
 21411 | Lair:6   | Found a runed translucent gate.
 21411 | Lair:6   | Found a viscous altar of Jiyva.
 21411 | Lair:6   | Found a runed translucent gate.
 21411 | Lair:6   | Noticed an acid blob
 21411 | Lair:6   | Noticed an acid blob
 21411 | Lair:6   | Noticed KennySheep's ghost (journeyman DEWz)
 21411 | Lair:6   | Noticed an azure jelly
 21411 | Lair:6   | Noticed an azure jelly
 21411 | Lair:6   | Noticed an acid blob
 21411 | Lair:6   | Noticed a quicksilver ooze
 21411 | Lair:6   | Noticed an azure jelly
 21412 | Lair:6   | Noticed an azure jelly
 21606 | Lair:6   | Noticed Kirke
 21661 | Lair:6   | Reached skill level 5 in Invocations
 22088 | Lair:5   | Reached skill level 1 in Dodging
 22138 | Lair:6   | Killed Kirke
 22139 | Lair:6   | Reached skill level 14 in Fighting
 23056 | Orc:1    | Entered Level 1 of the Orcish Mines
 23264 | Orc:2    | Entered Level 2 of the Orcish Mines
 23280 | Orc:2    | Found a staircase to the Elven Halls.
 23314 | Orc:2    | Received a gift from Okawaru
 24107 | Orc:1    | Reached skill level 5 in Evocations
 24209 | Orc:1    | Noticed an orc warlord
 24244 | Orc:1    | Killed an orc warlord
 24245 | Orc:1    | HP: 2/96 [orc warrior (20)]
 24638 | Orc:2    | Reached XP level 15. HP: 82/101 MP: 13/18
 25028 | Orc:2    | Received a gift from Okawaru
 25036 | Orc:2    | Reached skill level 5 in Armour
 25065 | Orc:2    | Found Wil Juapn's Magic Scroll Emporium.
 25080 | Orc:2    | Bought a scroll of fear for 52 gold pieces
 25080 | Orc:2    | Bought a scroll of blinking for 112 gold pieces
 25080 | Orc:2    | Bought a scroll of teleportation for 45 gold pieces
 25080 | Orc:2    | Bought a scroll of blinking for 112 gold pieces
 25080 | Orc:2    | Bought a scroll of fear for 52 gold pieces
 25097 | Orc:2    | Found a radiant altar of Vehumet.
 25097 | Orc:2    | Noticed Erolcha
 25150 | Orc:2    | Killed Erolcha
 25195 | Orc:2    | Found an ancient bone altar of Kikubaaqudgha.
 25221 | Orc:2    | Found Sylial's Distillery.
 25235 | Orc:2    | Noticed Nergalle
 25237 | Orc:2    | Found Kocwe's Jewellery Emporium.
 25243 | Orc:2    | Killed Nergalle
 25277 | Orc:2    | Bought a potion of resistance for 170 gold pieces
 25277 | Orc:2    | Bought a potion of curing for 51 gold pieces
 25277 | Orc:2    | Bought a potion of curing for 51 gold pieces
 25291 | Orc:2    | Found Hobu's Antique Armour Emporium.
 25301 | Orc:2    | Bought a glowing chain mail for 240 gold pieces
 25301 | Orc:2    | Bought a glowing ring mail for 224 gold pieces
 25683 | D:13     | Found a gate to the Vaults.
 25914 | D:13     | Reached skill level 15 in Fighting
 26611 | D:13     | Found a gateway to a bazaar.
 26990 | D:14     | Found a bloodstained altar of Trog.
 27448 | D:14     | Received a gift from Okawaru
 27491 | D:15     | Entered Level 15 of the Dungeon
 27930 | D:15     | Identified the +10 plate armour "Xocyazess" {Contam Str+5}
 27972 | D:15     | Reached XP level 16. HP: 108/108 MP: 19/19
 28000 | D:15     | Found a staircase to the Depths.
 28014 | D:15     | Received a gift from Okawaru
 28589 | D:15     | Reached skill level 10 in Evocations
 29106 | Swamp:1  | Entered Level 1 of the Swamp
 30081 | Swamp:1  | Identified the +8 long sword "Hujapepa" {flame, *Rage *Slow
                  | Fly rCorr}
 30782 | Swamp:2  | Noticed a tentacled monstrosity
 31348 | Swamp:2  | Killed a tentacled monstrosity
 31537 | Swamp:2  | Found a runed translucent door.
 31537 | Swamp:2  | Noticed Tiquasegg's ghost (adept MiBe)
 31540 | Swamp:2  | Identified the +5 spear of Veifin {vorpal, rCorr}
 31561 | Swamp:2  | Noticed a fenstrider witch
 31562 | Swamp:2  | Noticed a fenstrider witch
 32434 | Swamp:3  | Received a gift from Okawaru
 32849 | Swamp:3  | Reached skill level 10 in Armour
 32850 | Swamp:3  | Noticed a thorn hunter
 32865 | Swamp:3  | Killed a thorn hunter
 33545 | Swamp:4  | Entered Level 4 of the Swamp
 33553 | Swamp:4  | Reached XP level 17. HP: 113/113 MP: 22/22
 33791 | Swamp:4  | Noticed a tentacled monstrosity
 33810 | Swamp:4  | Killed a tentacled monstrosity
 35232 | Swamp:4  | Upgraded the game from 0.28-a0-1130-gc51a68064b to
                  | 0.28-a0-1143-gcf6077d4cc
 35437 | Swamp:4  | Received a gift from Okawaru
 35593 | Swamp:4  | Reached skill level 16 in Fighting
 35854 | Swamp:4  | Got a decaying rune of Zot
 35962 | Snake:1  | Entered Level 1 of the Snake Pit
 35965 | Snake:1  | Found Nest's Assorted Antiques.
 35983 | Snake:1  | Bought an iron ring for 165 gold pieces
 36014 | Snake:1  | Found Irabus's General Store.
 36324 | Snake:1  | Found Faesoixt's Armour Shop.
 36354 | Snake:1  | Found a frozen archway.
 36438 | IceCv    | Entered an ice cave
 36854 | IceCv    | Identified the amulet of Temptation {Faith rPois Str+8
                  | Dex-5 Slay+5}
 37359 | IceCv    | Identified the +3 rapier of the Ten Orbs {elec, rPois rCorr
                  | MP+9 Str-4} (Okawaru gifted it to you in an ice cave)
 37359 | IceCv    | Received a gift from Okawaru
 37392 | IceCv    | Reached XP level 18. HP: 98/122 MP: 24/24
 37450 | IceCv    | Reached skill level 17 in Fighting
 38127 | Snake:1  | Found Plog's Antique Weapon Shop.
 38290 | Snake:1  | Found Onaph's General Store.
 38583 | Snake:2  | Received a gift from Okawaru
 39050 | Snake:2  | Noticed Nikola
 39393 | Snake:2  | Noticed Vashnia
 39584 | Snake:2  | Killed Vashnia
 40096 | Snake:2  | Killed Nikola
 40135 | Snake:2  | Reached skill level 18 in Fighting
 40467 | Snake:2  | Identified the +0 scale mail of the Game of Life {rElec}
 41789 | Snake:2  | Received a gift from Okawaru
 43120 | Snake:3  | Reached XP level 19. HP: 111/132 MP: 20/25
 43649 | Snake:4  | Entered Level 4 of the Snake Pit
 43678 | Snake:4  | Reached skill level 19 in Fighting
 44062 | Snake:4  | Found a runed translucent door.
 44664 | Snake:4  | Reached skill level 15 in Evocations
 45814 | Snake:4  | Received a gift from Okawaru
 45815 | Snake:4  | Reached skill level 20 in Fighting
 46115 | Snake:4  | Reached skill level 5 in Dodging
 46686 | Snake:4  | Got a serpentine rune of Zot
 47017 | Elf:1    | Entered Level 1 of the Elven Halls
 47621 | Elf:1    | Paralysed by an air elemental for 1 turns
 47623 | Elf:1    | Paralysed by an air elemental for 1 turns
 47702 | Elf:1    | Paralysed by an air elemental for 1 turns
 47708 | Elf:1    | Paralysed by an air elemental for 1 turns
 48612 | Elf:1    | Reached XP level 20. HP: 140/140 MP: 26/26
 48657 | Elf:1    | Received a gift from Okawaru
 48670 | Elf:1    | Noticed a Brimstone Fiend
 49565 | Elf:1    | Reached skill level 10 in Dodging
 49577 | Elf:1    | Found a runed translucent gate.
 49577 | Elf:1    | Found a runed translucent gate.
 49577 | Elf:1    | Found a runed translucent gate.
 49577 | Elf:1    | Found a runed translucent gate.
 49577 | Elf:1    | Found a runed translucent gate.
 49578 | Elf:1    | Found a runed translucent gate.
 49992 | Elf:1    | Received a gift from Okawaru
 50336 | Elf:2    | Found Irghuod's Antique Weapon Shop.
 51003 | Elf:2    | Found a runed translucent gate.
 51003 | Elf:2    | Found a runed translucent gate.
 51003 | Elf:2    | Found a runed translucent gate.
 51947 | D:4      | Killed ders's ghost
 52332 | D:7      | Killed Pooter's ghost
 52583 | Depths:1 | Entered Level 1 of the Depths
 52613 | Depths:1 | Noticed the Enchantress
 53228 | Vaults:1 | Entered Level 1 of the Vaults
 53612 | Vaults:1 | Identified the +1 hand axe "Uciaq" {vorpal, Str+2 SInv
                  | Stlth+}
 53834 | Vaults:1 | Reached skill level 21 in Fighting
 54707 | Vaults:1 | Acquired the +8 executioner's axe of Vecsukogh {vamp, rElec
                  | rF+}
 54711 | Vaults:1 | Acquired a +0 executioner's axe of electrocution
 55080 | Vaults:1 | Received a gift from Okawaru
 55292 | Vaults:2 | Reached XP level 21. HP: 148/148 MP: 27/27
 55454 | Vaults:2 | Noticed Jory
 55477 | Vaults:2 | Killed Jory
 56954 | Vaults:2 | Found a runed translucent gate.
 56954 | Vaults:2 | Found a runed translucent gate.
 56954 | Vaults:2 | Noticed Ytazirph's ghost (veteran DrTm)
 56955 | Vaults:2 | Found a runed translucent gate.
 56955 | Vaults:2 | Identified the +5 eveningstar "Kusos" {flame, rC- rN+ Int+4
                  | Dex+3}
 56955 | Vaults:2 | Identified the +1 robe of the Gastropod {Str+4 Int-4 Dex+2}
 57041 | Vaults:2 | Found an iron altar of Okawaru.
 57163 | Vaults:3 | Identified the -1 buckler of Mekhlyiggu {Drain rPois rN+
                  | Int+4} (Okawaru gifted it to you on level 3 of the Vaults)
 57163 | Vaults:3 | Received a gift from Okawaru
 57658 | Vaults:3 | Found a staircase to the Crypt.
 58102 | Vaults:3 | Reached XP level 22. HP: 155/155 MP: 24/28
 58935 | Vaults:4 | Received a gift from Okawaru
 60034 | Vaults:4 | Received a gift from Okawaru
 60087 | Vaults:4 | Identified the ring "Leamnop" {rElec rPois rN+ Str+6 Dex-5}
 60093 | Vaults:4 | Noticed a golden dragon
 60096 | Vaults:4 | Cast into level 2 of the Abyss (a deep elf sorcerer)
 60096 | Abyss:2  | Found a corrupted altar of Lugonu.
 60229 | Abyss:4  | Upgraded the game from 0.28-a0-1143-gcf6077d4cc to
                  | 0.28-a0-1152-g9c71ebef14
 60300 | Vaults:4 | Escaped the Abyss
 60318 | Vaults:4 | Killed a golden dragon
 60578 | Vaults:4 | Got the Grimoire of Spatial Poison
 60617 | Vaults:4 | Noticed a golden dragon
 60627 | Vaults:4 | Killed a golden dragon
 61440 | Elf:3    | Entered Level 3 of the Elven Halls
 62258 | Elf:3    | Cast into level 2 of the Abyss (a deep elf sorcerer)
 62335 | Abyss:2  | Reached XP level 23. HP: 149/160 MP: 27/29
 62347 | Elf:3    | Escaped the Abyss
 62365 | Elf:3    | Received a gift from Okawaru
 62606 | Elf:3    | Got Asmodeus's Reference Book on the Volcanoes
 62816 | Elf:3    | Identified the ring "Yzxybbyr" {rN+ Str+3 Int+3 Slay+6}
 63189 | Depths:1 | Killed the Enchantress
 63212 | Depths:1 | Gained mutation: You are dopey. (Int -2) [mutagenic glow]
 63240 | Depths:1 | Found Umpipn's Distillery.
 63244 | Depths:1 | Bought 2 potions of heal wounds for 160 gold pieces
 63244 | Depths:1 | Bought a potion of haste for 160 gold pieces
 63244 | Depths:1 | Bought a potion of might for 64 gold pieces
 63244 | Depths:1 | Bought a potion of might for 64 gold pieces
 63244 | Depths:1 | Bought a potion of heal wounds for 80 gold pieces
 63244 | Depths:1 | Bought a potion of might for 64 gold pieces
 63244 | Depths:1 | Bought a potion of curing for 48 gold pieces
 63244 | Depths:1 | Bought a potion of heal wounds for 80 gold pieces
 63526 | Depths:1 | Identified the +5 scale mail of Kyit {rF+ Regen+} (Okawaru
                  | gifted it to you on level 1 of the Depths)
 63526 | Depths:1 | Received a gift from Okawaru
 63585 | Depths:1 | Noticed Bai Suzhen
 63604 | Depths:1 | Killed Bai Suzhen
 63747 | Depths:1 | Identified the +1 pair of boots "Popne" {Will+ Int+6}
 63806 | Depths:1 | Found a gateway to Hell.
 64122 | Depths:1 | Noticed a juggernaut
 64142 | Depths:1 | Killed a juggernaut
 64542 | Depths:1 | Noticed Mara
 64548 | Depths:1 | Killed Mara
 64548 | Depths:1 | Received a gift from Okawaru
 64549 | Depths:1 | Reached skill level 15 in Armour
 64554 | Depths:1 | Reached XP level 24. HP: 168/168 MP: 25/29
 64630 | Depths:1 | Found Pyufijugg's Jewellery Shoppe.
 64630 | Depths:1 | Found Boale's Book Boutique.
 64631 | Depths:1 | Found Ceohi's Jewellery Shoppe.
 64653 | Depths:1 | Noticed Aizul
 64664 | Depths:1 | Killed Aizul
 65043 | Depths:2 | Reached skill level 22 in Fighting
 65159 | Depths:2 | Found a one-way gate to the infinite horrors of the Abyss.
 65297 | Depths:2 | Found a one-way gate leading to the halls of Pandemonium.
 65440 | Depths:2 | Found a portal to a secret trove of treasure.
 65725 | Depths:2 | Identified the +0 plate armour "Logagh" {Rampage Regen+}
                  | (Okawaru gifted it to you on level 2 of the Depths)
 65725 | Depths:2 | Received a gift from Okawaru
 65904 | Depths:2 | Identified the +5 rapier of Annihilation {freeze, Str+4}
 66643 | Depths:3 | Found a one-way gateway to a ziggurat.
 66917 | Depths:3 | Acquired 665 gold pieces
 67009 | Depths:3 | Found the +6 Majin-Bo {vamp, MP+6 Int+6}
 67257 | Depths:4 | Entered Level 4 of the Depths
 67260 | Depths:4 | Noticed a juggernaut
 67261 | Depths:4 | Found Yrecsori's Antique Armour Shoppe.
 67812 | Depths:4 | Killed a juggernaut
 67812 | Depths:4 | Received a gift from Okawaru
 67813 | Depths:4 | Reached XP level 25. HP: 166/175 MP: 21/29
 68093 | Depths:4 | Found a gate to the Realm of Zot.
 68181 | Depths:4 | Found Xoil Goe's Armour Shoppe.
 68193 | Depths:4 | Bought a spiked ring mail for 378 gold pieces
 68193 | Depths:4 | Identified the +5 ring mail of Lethargy {Str+2} (You bought
                  | it in a shop on level 4 of the Depths)
 68502 | Depths:3 | Voluntarily entered the Abyss.
 68503 | Abyss:1  | Found a corrupted altar of Lugonu.
 68527 | Abyss:2  | Found a corrupted altar of Lugonu.
 69010 | Depths:3 | Escaped the Abyss
 69095 | Depths:3 | Voluntarily entered the Abyss.
 69452 | Abyss:1  | Paralysed by accursed screaming for 1 turns
 69561 | Abyss:1  | Received a gift from Okawaru
 69562 | Abyss:1  | Reached skill level 23 in Fighting
 69732 | Abyss:1  | Found a corrupted altar of Lugonu.
 69890 | Depths:3 | Escaped the Abyss
 70178 | Depths:2 | You paid a toll of a +8 demon whip to enter a treasure
                  | trove
 70179 | Trove    | Entered a treasure trove
 70190 | Trove    | Identified the amulet of Dumoires {RegenMP rN+}
 70200 | Trove    | Identified the ring of Crawling {rElec rCorr Dex+4 Slay-3}
 70202 | Trove    | Identified the ring "Tayram" {rElec rN+ Dex+2 Stlth+}
 70204 | Trove    | Identified the +7 battleaxe of Dismemberment {freeze,
                  | Dex+10}
 70219 | Trove    | Identified the +5 broad axe of Expedience {spect, rF++
                  | Int-3}
 70545 | Orc:2    | Bought a scroll of enchant armour for 112 gold pieces
 70545 | Orc:2    | Bought a scroll of enchant weapon for 112 gold pieces
 70568 | Orc:2    | Bought a potion of lignification for 51 gold pieces
 70568 | Orc:2    | Bought a potion of invisibility for 136 gold pieces
 70568 | Orc:2    | Bought a potion of invisibility for 136 gold pieces
 70568 | Orc:2    | Bought a potion of lignification for 51 gold pieces
 70568 | Orc:2    | Bought a potion of resistance for 170 gold pieces
 71005 | Depths:2 | Voluntarily entered the Abyss.
 71113 | Abyss:1  | Found a sparkling altar of Nemelex Xobeh.
 71455 | Abyss:3  | Got an abyssal rune of Zot
 71475 | Depths:2 | Escaped the Abyss
 71628 | Zot:1    | Entered Level 1 of the Realm of Zot
 71645 | Zot:1    | Reached skill level 1 in Throwing
 71807 | Zot:1    | Found a transporter.
 71814 | Zot:1    | Noticed Vuynal's ghost (legendary GrHu)
 71814 | Zot:1    | Noticed an orb of fire
 71858 | Zot:1    | Received a gift from Okawaru
 71868 | Zot:1    | Found a transporter.
 72606 | Zot:1    | Reached skill level 5 in Throwing
 73506 | Zot:2    | Reached XP level 26. HP: 183/183 MP: 6/29
 74620 | Zot:3    | Noticed an orb of fire
 74642 | Zot:3    | Killed an orb of fire
 75144 | Zot:3    | Received a gift from Okawaru
 75235 | Zot:3    | Reached skill level 10 in Throwing
 75297 | Zot:3    | Noticed a Killer Klown
 75330 | Zot:3    | Killed a Killer Klown
 75893 | Zot:4    | Noticed a Killer Klown
 75929 | Zot:4    | Killed a Killer Klown
 76608 | Zot:5    | Entered Level 5 of the Realm of Zot
 77050 | Vaults:5 | Entered Level 5 of the Vaults
 77086 | Vaults:5 | Received a gift from Okawaru
 77108 | Vaults:5 | Identified the +5 chain mail "Peutipno" {Str+4} (Okawaru
                  | gifted it to you on level 5 of the Vaults)
 77108 | Vaults:5 | Received a gift from Okawaru
 77119 | Vaults:5 | Reached XP level 27. HP: 188/188 MP: 24/29
 77155 | Vaults:5 | Reached skill level 15 in Throwing
 77571 | Vaults:5 | Identified the amulet "Qosul" {Acrobat rF+ Regen+}
 77591 | Vaults:5 | Got a silver rune of Zot
 77646 | Vaults:5 | Noticed a dread lich
 77669 | Vaults:5 | Killed a dread lich
 78006 | Vaults:5 | Identified the +0 chain mail of Trial and Error {Str+3}
 78009 | Vaults:5 | Identified the +8 ice dragon scales "Wiatig" {Harm rF- rC++
                  | rN+ rCorr Str+3}
 78014 | Vaults:5 | Identified the +8 battleaxe "Bufufag" {flame, rPois Int+3}
 78064 | Vaults:5 | Identified the +7 scimitar of Makhleb's Whim {freeze, rPois
                  | rF+}
 78095 | Vaults:5 | Found the +9 scales of the Dragon King {rPois rF+ rC+
                  | Will+}
 79061 | Zot:5    | Received a gift from Okawaru
 79986 | Zot:5    | Noticed an orb of fire
 79999 | Zot:5    | Gained mutation: You are very dopey. (Int -4) [an orb of
                  | fire]
 80043 | Zot:5    | Killed an orb of fire
 80214 | Zot:5    | Noticed a dread lich
 80234 | Zot:5    | Killed a dread lich
 80377 | Zot:5    | Received a gift from Okawaru
 80448 | Zot:5    | Noticed an orb of fire
 80483 | Zot:5    | Killed an orb of fire
 80618 | Zot:5    | Noticed an ancient lich
 80635 | Zot:5    | Killed an ancient lich
 80667 | Zot:5    | Noticed an ancient lich
 80676 | Zot:5    | Killed an ancient lich
 80681 | Zot:5    | Reached skill level 10 in Invocations
 80745 | Zot:5    | Noticed an ancient lich
 80754 | Zot:5    | Killed an ancient lich
 80910 | Zot:5    | Reached skill level 24 in Fighting
 81117 | Zot:5    | Noticed a dread lich
 81130 | Zot:5    | Killed a dread lich
 81140 | Zot:5    | Noticed an orb of fire
 81142 | Zot:5    | Gained mutation: Your magical capacity is low. (-10% MP)
                  | [an orb of fire]
 81150 | Zot:5    | Killed an orb of fire
 81202 | Zot:5    | Noticed a dread lich
 81212 | Zot:5    | Killed a dread lich
 81430 | Zot:5    | Received a gift from Okawaru
 81820 | Depths:1 | Bought a ring of protection from cold for 450 gold pieces
 81825 | Depths:1 | Bought a book of the Warp for 576 gold pieces
 82313 | Lair:6   | Found a staircase to the Slime Pits.
 82404 | Lair:6   | Received a gift from Okawaru
 82431 | Lair:6   | Killed KennySheep's ghost
 82545 | Slime:1  | Entered Level 1 of the Pits of Slime
 83517 | Slime:5  | Entered Level 5 of the Pits of Slime
 84471 | Slime:5  | Noticed the Royal Jelly
 84487 | Slime:5  | Killed the Royal Jelly
 84693 | Slime:5  | Identified the ring "Haphit" {Fire rN+ Str-4 Dex+2 SInv}
 84708 | Slime:5  | Identified the ring of Eloefazu {rElec rPois Will++ MP+9
                  | Slay-6}
 84723 | Slime:5  | Identified the amulet "Fatij" {Spirit rC+}
 84746 | Slime:5  | Acquired the amulet "Janiarun" {rF+ Regen+}
 84749 | Slime:5  | Got a slimy rune of Zot
 84761 | Slime:5  | Identified the +1 chain mail of New Discoveries {Drain
                  | rF+++ rC- Str+3 Stlth+}
 84823 | Slime:5  | Reached skill level 25 in Fighting
 85477 | D:8      | Fell from the grace of Okawaru
 85477 | D:8      | Became a worshipper of the Shining One
 85716 | Crypt:1  | Entered Level 1 of the Crypt
 85789 | Crypt:1  | Reached * piety under the Shining One
 85812 | Crypt:1  | Noticed Frederick
 85825 | Crypt:1  | Killed Frederick
 85983 | Crypt:1  | Reached ** piety under the Shining One
 85993 | Crypt:1  | Noticed Xtahua
 86007 | Crypt:1  | Killed Xtahua
 86008 | Crypt:1  | Noticed Margery
 86023 | Crypt:1  | Killed Margery
 86552 | Crypt:1  | Found an ancient bone altar of Kikubaaqudgha.
 87061 | Crypt:2  | Reached *** piety under the Shining One
 87197 | Crypt:2  | Reached **** piety under the Shining One
 87405 | Crypt:2  | Found an ancient bone altar of Kikubaaqudgha.
 87793 | Crypt:2  | Noticed Sojobo
 87793 | Crypt:2  | Reached ***** piety under the Shining One
 87805 | Crypt:2  | Killed Sojobo
 87880 | Crypt:2  | Noticed Boris
 87896 | Crypt:2  | Killed Boris
 88243 | Crypt:3  | Entered Level 3 of the Crypt
 88409 | Crypt:3  | Reached ****** piety under the Shining One
 88555 | Crypt:3  | Found an ancient bone altar of Kikubaaqudgha.
 88556 | Crypt:3  | Noticed an ancient lich
 88666 | Crypt:3  | Found a basalt altar of Yredelemnul.
 88674 | Crypt:3  | Killed an ancient lich
 88679 | Crypt:3  | Reached skill level 15 in Invocations
 88724 | Crypt:3  | Got Cigotuvi's Papyrus of Black Magic
 88809 | Crypt:3  | Reached skill level 26 in Fighting
 88841 | Crypt:3  | Found a staircase to the Tomb.
 90074 | Tomb:1   | Entered Level 1 of the Tomb of the Ancients
 90831 | Pan      | Entered Pandemonium
 91096 | Pan      | Found an exit through the horrors of the Abyss.
 91251 | Pan      | Gained mutation: Armour fits poorly on your strangely
                  | shaped body. [a neqoxec]
 91273 | Pan      | Noticed Guirinax the pandemonium lord
 91274 | Pan      | Gained mutation: Your magical capacity is very low. (-20%
                  | MP) [a neqoxec]
 91287 | Pan      | Killed Guirinax the pandemonium lord
 91721 | Pan      | Gained mutation: You sometimes lose the ability to read
                  | scrolls when taking damage. [a neqoxec]
 91725 | Pan      | Gained mutation: You tend to lose your temper in combat. [a
                  | neqoxec]
 91727 | Pan      | Lost mutation: You are very dopey. (Int -4) [potion of
                  | mutation]
 91727 | Pan      | Lost mutation: Armour fits poorly on your strangely shaped
                  | body. [potion of mutation]
 91727 | Pan      | Gained mutation: You are very dopey. (Int -4) [potion of
                  | mutation]
 91727 | Pan      | Gained mutation: Your spells are a little easier to cast,
                  | but a little less powerful. [potion of mutation]
 91727 | Pan      | Lost mutation: Your spells are a little easier to cast, but
                  | a little less powerful. [potion of mutation]
 91727 | Pan      | Gained mutation: Your spells are a little harder to cast,
                  | but a little more powerful. [potion of mutation]
 91730 | Pan      | Lost mutation: Your magical capacity is very low. (-20% MP)
                  | [potion of mutation]
 91730 | Pan      | Lost mutation: Your spells are a little harder to cast, but
                  | a little more powerful. [potion of mutation]
 91730 | Pan      | Lost mutation: Your magical capacity is low. (-10% MP)
                  | [potion of mutation]
 91730 | Pan      | Gained mutation: You are covered in fur. (AC +1) [potion of
                  | mutation]
 91801 | Pan      | Gained mutation: You have hidden genetic defects. [a
                  | cacodemon]
 91986 | Pan      | Noticed Oguebax the pandemonium lord
 92003 | Pan      | Killed Oguebax the pandemonium lord
 92148 | Pan      | Was forgiven by Okawaru
 92852 | Pan      | Gained mutation: You do not regenerate when monsters are
                  | visible. [hidden defects]
 92858 | Pan      | Reached skill level 27 in Fighting
 92859 | Pan      | Lost mutation: You tend to lose your temper in combat.
                  | [potion of mutation]
 92859 | Pan      | Lost mutation: You are very dopey. (Int -4) [potion of
                  | mutation]
 92859 | Pan      | Gained mutation: You are clumsy. (Dex -2) [potion of
                  | mutation]
 92859 | Pan      | Gained mutation: You are very dopey. (Int -4) [potion of
                  | mutation]
 92860 | Pan      | Lost mutation: You are very dopey. (Int -4) [potion of
                  | mutation]
 92860 | Pan      | Lost mutation: You have hidden genetic defects. [potion of
                  | mutation]
 92860 | Pan      | Gained mutation: Your spells are a little harder to cast,
                  | but a little more powerful. [potion of mutation]
 93098 | Pan      | Lost mutation: Your spells are a little harder to cast, but
                  | a little more powerful. [potion of mutation]
 93098 | Pan      | Lost mutation: You sometimes lose the ability to read
                  | scrolls when taking damage. [potion of mutation]
 93098 | Pan      | Gained mutation: Your magical capacity is low. (-10% MP)
                  | [potion of mutation]
 93098 | Pan      | Gained mutation: You are partially covered in iridescent
                  | scales. (AC +2) [potion of mutation]
 93098 | Pan      | Gained mutation: You are mostly covered in iridescent
                  | scales. (AC +4) [potion of mutation]
 93343 | Pan      | Lost mutation: You are mostly covered in iridescent scales.
                  | (AC +4) [a cacodemon]
 93824 | Pan      | Identified the +2 flail "Buegg" {freeze, Int+7}
 94077 | Pan      | Noticed Gudghiaw the pandemonium lord
 94087 | Pan      | Killed Gudghiaw the pandemonium lord
 94122 | Pan      | Got a demonic rune of Zot
 94409 | Pan      | Found an exit through the horrors of the Abyss.
 94963 | Pan      | Noticed Gerhucu Mocy the pandemonium lord
 94986 | Pan      | Killed Gerhucu Mocy the pandemonium lord
 95266 | Pan      | Noticed Caytzybloc the pandemonium lord
 95287 | Pan      | Cast into level 4 of the Abyss (Caytzybloc)
 95332 | Pan      | Escaped the Abyss
 95339 | Pan      | Killed Caytzybloc the pandemonium lord
 96715 | Pan      | Gained mutation: You tend to lose your temper in combat. [a
                  | neqoxec]
 97511 | Pan      | Identified the +2 battleaxe of Doom {vamp, rC+}
 97834 | Pan      | Noticed Haom the pandemonium lord
 97843 | Pan      | Killed Haom the pandemonium lord
 97989 | Pan      | Entered the realm of Mnoleg.
 98111 | Pan      | Gained mutation: You are very dopey. (Int -4) [a cacodemon]
 98163 | Pan      | Noticed Mnoleg
 98168 | Pan      | Gained mutation: You are frail. (-10% HP) [Mnoleg's
                  | mutagenic touch]
 98177 | Pan      | Killed Mnoleg
 98189 | Pan      | Got a glowing rune of Zot
 98237 | Pan      | Entered the realm of Cerebov.
 98591 | Pan      | Lost mutation: You are frail. (-10% HP) [potion of
                  | mutation]
 98591 | Pan      | Lost mutation: You are covered in fur. (AC +1) [potion of
                  | mutation]
 98591 | Pan      | Gained mutation: You are very clumsy. (Dex -4) [potion of
                  | mutation]
 98591 | Pan      | Lost mutation: You are very clumsy. (Dex -4) [potion of
                  | mutation]
 98591 | Pan      | Gained mutation: You passively map a small area around you.
                  | [potion of mutation]
 98595 | Pan      | Lost mutation: You are clumsy. (Dex -2) [potion of
                  | mutation]
 98595 | Pan      | Lost mutation: You are partially covered in iridescent
                  | scales. (AC +2) [potion of mutation]
 98595 | Pan      | Gained mutation: You have sharp toenails. [potion of
                  | mutation]
 98595 | Pan      | Gained mutation: You are partially covered in large bone
                  | plates. (SH +4) [potion of mutation]
 98595 | Pan      | Lost mutation: Your magical capacity is low. (-10% MP)
                  | [potion of mutation]
 98806 | Pan      | Identified the ring "Kyecaash" {Fly rN+ Int+7 Dex-3}
 98853 | Pan      | Identified the ring of Arrival {Fire Drain rElec Str+4}
 99136 | Pan      | Found the +6 sword of Cerebov {flame}
 99136 | Pan      | Noticed Cerebov
 99140 | Pan      | Identified the +0 tower shield of Lethargy {rPois Str+4
                  | Int+3}
 99181 | Pan      | Killed Cerebov
 99182 | Pan      | Reached skill level 15 in Dodging
 99504 | Pan      | Identified the +11 plate armour of Ru's Generosity {rC+ rN+
                  | Int+3 Stlth+}
 99521 | Pan      | Got the Handbook of Arcane Weapons
 99541 | Pan      | Got a fiery rune of Zot
 99728 | Pan      | Noticed Yceofel the pandemonium lord
 99740 | Depths:2 | Escaped Pandemonium
 99973 | Pan      | Entered Pandemonium
100349 | Pan      | Noticed Zarugh the pandemonium lord
100369 | Pan      | Killed Zarugh the pandemonium lord
100494 | Pan      | Entered the realm of Lom Lobon.
100575 | Pan      | Identified the +3 rapier of Generosity {pain, Fly}
100803 | Pan      | Found an exit through the horrors of the Abyss.
101507 | Pan      | Noticed Lom Lobon
101556 | Pan      | HP: 3/199 [Lom Lobon/great icy blast (42)]
101558 | Pan      | Killed from afar by Lom Lobon

Illustrated notes

Levels and vault maps discovered:
D:1:      dpeg_arrival_lava_temple_mockup, layout_basic
D:2:      layout_basic, hellmonk_ecumenical_altar_blasted
D:3:      kennysheep_slugbush, layout_loops_ring
D:4:      layout_basic, ebering_ghost_rock_garden, uniq_grinder
D:5:      layout_loops_corners, pdpol_temple_overflow_zin_treasury_gozag_greed,
          uniq_pikel, uniq_sigmund
D:6:      layout_cave_pools, minmay_temple_entry_drinking_statues
D:7:      layout_rooms, gup_ossuary_entry_pyramid, gammafunk_ghost_smash,
          minmay_misc_feat_tiny
D:8:      layout_basic, grunt_temple_overflow_open, uniq_erica
D:9:      layout_loops_corners, grunt_ashenzari_visionary
          [grunt_ashenzari_visionary_swamp, grunt_ashenzari_visionary_snake],
          minmay_misc_feat_cross
D:10:     layout_loops_ring, dpeg_lair_monsters, minmay_orc_entry_guard_dogs
D:11:     layout_basic
D:12:     layout_roguey, nrook_mini_vaults, drop_trap
D:13:     layout_long_grid, erik_vaults_1, serial_shops, bzr_entry_gold,
          kennysheep_boxes
D:14:     layout_gridville, lemuel_tele_altar, kennysheep_pointless_box
D:15:     gammafunk_depths_entry_grave, layout_loops_ring, serial_ice,
          serial_ice_e, serial_ice_n, serial_ice_l, serial_ice_a,
          minmay_misc_feat_secret_circle, minmay_fractal_squares_5
Temple:   cyrus_circular_temple
Lair:1:   layout_small_grid
Lair:2:   layout_cave_shapes, grunt_megastairs_5, lemuel_fruit_fields,
          infiniplex_staircase_pool_2
Lair:3:   layout_regular_city, serial_bayou_shore_b
Lair:4:   gammafunk_boulding_lane, layout_cellular_growth,
          minmay_swamp_entry_worms, guppyfry_snake_entry_island
Lair:5:   layout_long_grid, roderic_carrion_pond
Lair:6:   gammafunk_lair_ancient_temple, layout_cave_pods,
          minmay_slime_entry_oklob_enclosed, gammafunk_ghost_ooze, uniq_kirke
Swamp:1:  layout_falls_marsh, serial_swamp_ruin, evilmike_swamp_ruin_house_1,
          evilmike_swamp_ruin_house_6, evilmike_swamp_ruin_house_3
Swamp:2:  layout_basic_swamp, ebering_ghost_funeral_grove,
          hangedman_swamp_ruin_wall, swamp_pool5
Swamp:3:  layout_basic_swamp, evilmike_swamp_ruin_rubble_2
Swamp:4:  swamp, layout_basic_swamp, swamp_pool3, statue_in_the_mist_lemuel
Snake:1:  hangedman_cross_stitches, layout_misc_corridors, serial_shops,
          nicolae_square_shop, shop, shop, nicolae_shop_advertising_works
          [nicolae_subvault_shop_adworks], nicolae_shop_behind_doors,
          portal_ice_cave_entry_frozen_things
Snake:2:  layout_gridlike, uniq_vashnia, uniq_nikola
Snake:3:  layout_cave_town, grunt_ministairs_14, grunt_megastairs_2
Snake:4:  grunt_snake_rune_pools, layout_cave_town, hangedman_snake_pattern,
          lightli_airlock, serial_bayou_shore_b
Slime:1:  layout_caves
Slime:2:  layout_caves
Slime:3:  layout_caves, cheibrodos_slime_lost_civilization_4
Slime:4:  layout_caves, basic_altar, uniq_dissolution
Slime:5
Orc:1:    layout_caves, special_room [special_room_orc],
          nicolae_orc_sculptors_studio, mines1_david
Orc:2:    kennysheep_orc_mage_school, layout_diamond_mine
Elf:1:    minmay_the_grid_net [minmay_the_grid_doors, minmay_the_grid_square_x,
          minmay_the_grid_tree, minmay_the_grid_small_cups, minmay_the_grid_x,
          minmay_the_grid_prize_big_room], layout_loops_corners, orc_legates,
          st_stairs_4
Elf:2:    elven_hall_of_blades_hangedman_original
          [nicolae_blade_entry_floor_patterns], layout_geoelf_grid,
          serial_shops, shop_fountains, billiards_dpeg, lemuel_elevator
Elf:3:    minmay_elf_hall_quartered_circle, layout_geoelf_castle,
          hangedman_elf_targetted_burst
Vaults:1: vaults_mumra_minichess_inversion, hangedman_vaults_maws, v_misc_8,
          vaults_mumra_chevron_long, ontoclasm_vaults_claustrophobia,
          vaults_dpeg_hooks, v_misc_18, vaults_room_door_hall,
          nicolae_vaults_little_squares_5, grunt_vaults_focal,
          ontoclasm_vaults_gateway, grunt_vaults_twisty, layout_vaults_big_cross
Vaults:2: gammafunk_ghost_fury_of_okawaru, v_pattern_5, hangedman_vaults_maws,
          v_misc_14, vaults_mumra_chevron, v_alt_pattern_2, serial_ice_g,
          layout_vaults_omnigrid, uniq_jory
Vaults:3: minmay_crypt_entry_vampire_xt, vaults_room_octagon,
          ontoclasm_vaults_pinch, nicolae_vaults_network_star, v_misc_12,
          vaults_room_hallway, v_pattern_1, v_rooms_5, hangedman_vaults_stagger,
          ontoclasm_vaults_decontamination, hangedman_vaults_maws,
          nicolae_vaults_little_ls, vaults_room_grid, v_misc_16,
          layout_vaults_maze_bifur
Vaults:4: v_misc_19, v_misc_12, vaults_dpeg_doors, hangedman_vaults_cutoff,
          ontoclasm_vaults_twist, st_greater_box_5, hangedman_vaults_nodes,
          v_misc_15, nicolae_vaults_shelves_hall, hangedman_vaults_snaps,
          hangedman_vaults_pinch, v_misc_14, nicolae_vaults_little_squares_4,
          nicolae_vaults_rhombus_5, nicolae_vaults_big_ls, layout_vaults_omnibox
Vaults:5
Crypt:1:  layout_basic, basic_altar, uniq_frederick, uniq_xtahua, uniq_margery
Crypt:2:  layout_gridlike, minivault_23, lemuel_mausoleum_altar_kikubaaqudgha,
          uniq_sojobo, uniq_boris
Crypt:3:  lightli_unholy_cathedral, layout_chaotic_city, minmay_misc_feat_rows,
          grunt_megastairs_1
Tomb:1
Depths:1: minmay_crescents, layout_basic, grunt_hell_horde,
          corexii_leaking_fountain, serial_shops, shop, kennysheep_nondescript,
          hangedman_corner_corridor, minmay_shop_grove, uniq_bai_suzhen,
          uniq_enchantress, uniq_aizul, uniq_mara
Depths:2: kennysheep_ogre_elephant_herders, layout_gridlike,
          rand_demon_pan_entry_3, hell_entry, abyss_entry_crystal,
          enter_trove_6, minmay_crystal_water, drop_trap, st_stairs_9,
          minmay_staircase_bubble
Depths:3: minmay_guarded_unrand_majin_bo, layout_basic, enter_ziggurat_c,
          pan_entry, abyss_entry, hell_entry, grunt_megastairs_4
Depths:4: evilmike_zot_entry_hall, layout_cross, hangedman_decor_push,
          hell_entry, minmay_shop_star
Zot:1:    layout_cathedral_of_symmetry, nzn_ghost_randoct,
          amethyst_zot_foddershock
Zot:2:    kennysheep_bubbly, layout_basic
Zot:3:    layout_twisted_circle
Zot:4:    layout_onion
Zot:5:    layout_misc_corridors
Pan:      evilmike_mini_pan_corner, layout_pan_divisions_a
          [pan_division_quadrant_a1, pan_division_quadrant_a6,
          pan_division_quadrant_a6, pan_division_quadrant_a6,
          pan_division_octagon_box], evilmike_mini_pan_thingy,
          layout_small_grid, nicolae_pan_sigil_itan, grunt_pan_frozen_over,
          layout_stronghold, evilmike_mini_pan_branches, layout_pan_divisions_a
          [pan_division_quadrant_a4, pan_division_quadrant_a1,
          pan_division_quadrant_a3, pan_division_quadrant_a4,
          pan_division_octagon_halves], reaverb_pan_chaos_star,
          pan_captured_pigsty, nicolae_pan_strange_glyphs
          [nicolae_pan_strange_glyph_rage, nicolae_pan_strange_glyph_rage,
          nicolae_pan_strange_glyph_disappointment,
          nicolae_pan_strange_glyph_angst], rand_demon_1, layout_basic,
          pan_blood_fountain_small, evilmike_mini_pan_doors_b,
          layout_grid_shapes, pan_blood_fountain_small,
          evilmike_mini_pan_doors_b, layout_onion_city,
          regret_index_pan_draining_boxed, layout_gridville, pan_blood_fountain,
          evilmike_mini_pan_thingy, layout_gridville, pan_surprise,
          rand_demon_8, layout_pan_divisions_a [pan_division_quadrant_a3,
          pan_division_quadrant_a4, pan_division_quadrant_a6,
          pan_division_quadrant_a1, pan_division_octagon_empty],
          uniq_mennas_pan, pan_blood_fountain, rand_demon_5, layout_small_grid,
          pan_blood_fountain, grunt_pan_spiral, layout_cellular_growth,
          pan_blood_fountain, rand_demon_2, layout_long_grid, special_room
          [special_room_demon_pit], evilmike_mini_pan_pillars,
          layout_stronghold, nicolae_pan_sigil_nadil,
          evilmike_mini_pan_other_thingy, layout_gridville, rand_demon_3,
          layout_onion_city, pan_blood_fountain_small, pan_blood_fountain,
          rand_demon_8, layout_long_grid, mnoleg, layout_onion_city,
          pan_blood_fountain_small, nicolae_pan_sigil_obb,
          nicolae_pan_lom_lobonic_2, cerebov_grunt, layout_small_grid,
          evilmike_mini_pan_diamond, layout_cellular_growth, uniq_mennas_pan,
          nicolae_pan_gloorx_vloqian_2, lemuel_hellion_island, layout_rooms,
          pan_blood_fountain, evilmike_mini_pan_T, layout_rooms,
          pan_blood_fountain_small, nicolae_pan_strange_glyphs
          [nicolae_pan_strange_glyph_loneliness, nicolae_pan_strange_glyph_fear,
          nicolae_pan_strange_glyph_disgust,
          nicolae_pan_strange_glyph_contempt], lom_lobon_grunt,
          layout_onion_city

Skill      XL: |  1  2  3  4  5  6  7  8  9 10 11 12 13 14 15 16 17 18 19 20 21 22 23 24 25 26 27 |
---------------+----------------------------------------------------------------------------------+-----
Evocations     | 3 5 9 12 13 14 15 16 17 21 | 21.9
Fighting       | 2 3 6 7 10 11 13 14 15 16 18 20 21 22 23 27 | 27.0
Axes           | 2 3 5 6 8 11 14 17 19 20 21 23 25 26 | 26.0
Invocations    | 5 6 9 21 | 21.7
Dodging        | 3 4 8 10 11 12 15 | 15.0
Armour         | 4 9 10 12 13 15 17 18 22 | 22.6
Throwing       | 6 14 16 | 16.0
Stealth        | |  1.1

Action                   |  1- 3 |  4- 6 |  7- 9 | 10-12 | 13-15 | 16-18 | 19-21 | 22-24 | 25-27 || total
-------------------------+-------+-------+-------+-------+-------+-------+-------+-------+-------++-------
Melee: Club              |    10 |       |       |       |       |       |       |       |       ||    10
       Quarterstaff      |   137 |   111 |    28 |       |       |       |       |       |       ||   276
       Scythe            |       |       |   161 |       |       |       |       |       |       ||   161
       War axe           |       |       |   191 |    57 |       |       |       |       |       ||   248
       Battleaxe         |       |       |       |   415 |  1234 |  1464 |  1214 |       |       ||  4327
       Scimitar          |       |       |       |     5 |    31 |       |       |       |       ||    36
       Punch             |       |       |       |       |     2 |       |       |       |       ||     2
       Halberd           |       |       |       |       |    19 |    91 |       |       |       ||   110
       Executioner's axe |       |       |       |       |       |       |   439 |  1316 |  3887 ||  5642
       Broad axe         |       |       |       |       |       |       |       |       |    97 ||    97
Throw: Dart              |       |       |    10 |    38 |    54 |     2 |       |       |       ||   104
       Javelin           |       |       |       |       |       |       |       |       |    46 ||    46
Invok: Heroism           |       |       |     2 |     6 |     5 |     5 |       |       |     5 ||    23
       Finesse           |       |       |       |       |     2 |       |     4 |    10 |    21 ||    37
       Summon Divine War |       |       |       |       |       |       |       |       |    10 ||    10
       Cleansing Flame   |       |       |       |       |       |       |       |       |     6 ||     6
Evoke: Wand              |     2 |    10 |     5 |    10 |     9 |    22 |       |     3 |     7 ||    68
       Piece from Xom's  |     1 |       |       |       |       |       |       |       |       ||     1
       Condenser vane    |       |       |       |       |       |       |     1 |     2 |     1 ||     4
       Tin of tremorston |       |       |       |       |       |       |       |     1 |       ||     1
  Use: Scroll            |     1 |       |    14 |     6 |     8 |     4 |     3 |     1 |    27 ||    64
       Potion            |       |       |     1 |       |       |       |     2 |     1 |    22 ||    26
 Stab: Sleeping          |       |       |       |     1 |     2 |       |       |       |       ||     3
       Distracted        |       |       |       |       |     3 |     2 |       |       |     2 ||     7
       Petrified         |       |       |       |       |       |       |       |     3 |       ||     3
       Petrifying        |       |       |       |       |       |       |       |     1 |       ||     1
Armor: Chain mail        |   121 |       |       |       |       |       |       |       |       ||   121
       Leather armour    |     6 |       |       |       |       |       |       |       |       ||     6
       Plate armour      |     5 |    99 |   460 |   144 |     6 |  1444 |  1147 |   401 |       ||  3706
       Ring mail         |       |       |       |    27 |       |       |       |       |       ||    27
       Troll leather arm |       |       |       |   118 |   711 |       |       |       |       ||   829
       Acid dragon scale |       |       |       |       |       |       |       |   353 |   842 ||  1195
       Gold dragon scale |       |       |       |       |       |       |       |       |  2296 ||  2296
Dodge: Dodged            |    78 |    34 |   140 |   217 |   713 |   784 |   828 |   628 |  2115 ||  5537
       Repelled          |       |       |       |       |     9 |    50 |    39 |    18 |    47 ||   163
Block: Other             |       |       |       |       |       |       |       |       |    59 ||    59

Table legend: (Time is in decaauts)
 A = Elapsed time spent in this place.
 B = Non-inter-level travel time spent in this place.
 C = Inter-level travel time spent in this place.
 D = Time resting spent in this place.
 E = Time spent auto-exploring this place.
 F = Levels seen in this place.
 G = Mean time per level.
                   A        B        C        D        E       F      G
               +--------+--------+--------+--------+--------+-----+--------+
         Total |  98988 |  89555 |   9433 |  19215 |  48711 |  96 | 1031.1 |
       Dungeon |  22221 |  18669 |   3552 |   4094 |  10742 |  15 | 1481.4 |
        Temple |    501 |    495 |      6 |    466 |      0 |   1 |  501.0 |
          Lair |   7797 |   6595 |   1202 |    526 |   4556 |   6 | 1299.5 |
         Swamp |   6603 |   6416 |    187 |   2123 |   3208 |   4 | 1650.8 |
     Snake Pit |   9414 |   9164 |    250 |   3178 |   3855 |   4 | 2353.5 |
    Slime Pits |   1539 |   1329 |    210 |    201 |    743 |   5 |  307.8 |
  Orcish Mines |   2635 |   2366 |    269 |    578 |   1169 |   2 | 1317.5 |
   Elven Halls |   6150 |   5912 |    238 |   1505 |   2855 |   3 | 2050.0 |
        Vaults |   9765 |   8043 |   1722 |    848 |   5450 |   5 | 1953.0 |
         Crypt |   3959 |   3738 |    221 |    722 |   2224 |   3 | 1319.7 |
          Tomb |    404 |    354 |     50 |    161 |     69 |   1 |  404.0 |
        Depths |   6557 |   5435 |   1122 |    914 |   3313 |   4 | 1639.2 |
           Zot |   7512 |   7112 |    400 |   1633 |   4116 |   5 | 1502.4 |
         Abyss |   1945 |   1945 |      0 |    436 |    337 |  12 |  162.1 |
   Pandemonium |  10002 |  10002 |      0 |   1158 |   5592 |  23 |  434.9 |
         Trove |     74 |     74 |      0 |      0 |      4 |   1 |   74.0 |
       Ossuary |    727 |    727 |      0 |    172 |    229 |   1 |  727.0 |
      Ice Cave |   1174 |   1174 |      0 |    497 |    248 |   1 | 1174.0 |
               +--------+--------+--------+--------+--------+-----+--------+

Top non-repeatable levels by time:
   Elf:1: 3715 daAuts
 Snake:4: 2954 daAuts
   Zot:5: 2499 daAuts
 Snake:2: 2496 daAuts
Vaults:2: 2360 daAuts
    D:15: 2191 daAuts
Vaults:4: 2148 daAuts
  Lair:6: 2087 daAuts
Vaults:3: 2063 daAuts
 Snake:1: 2023 daAuts
Depths:1: 1985 daAuts
Vaults:1: 1952 daAuts
 Swamp:1: 1944 daAuts
 Snake:3: 1940 daAuts
     D:5: 1910 daAuts
